Map: Abyssal Reef LE

Players

TibEZot

  • Race: Zerg Zerg
  • League: Diamond
  • Spawn Location: 5:00

Seto - Winner!

  • Race: Zerg Zerg
  • League: Gold
  • Spawn Location: 11:00

VOD

Have the link to the VOD?

Description

Time

  • Played on: Jan. 19, 2018, 5:58 p.m.
  • Length: 12:11
Show
View Real Time Build Order
Export as new Build Order

TibEZot Zerg 

Build Orders: Hatch First, Lurkers 

Get SALT Encoding   

  12  0:02  Drone  
  13  0:10  Drone  
  14  0:17  Overlord  
  14  0:25  Extractor x2  
  14  0:26  Drone  
  13  0:29  Drone  
  16  0:36  Drone  
  17  0:55  Hatchery  
  16  1:00  Drone  
  16  1:01  Drone  
  18  1:04  Extractor  
  17  1:17  Spawning Pool  
  16  1:20  Drone  
  16  1:23  Drone  
  18  1:29  Drone  
  19  1:39  Overlord  
  19  2:03  Queen  
  19  2:05  Zergling x4  
  19  2:07  Spine Crawler  
  22  2:08  Zergling x2  
  22  2:11  Zergling x2  
  24  2:19  Zergling x2  
  25  2:23  Zergling x2  
  26  2:35  Zergling x2  
  26  2:36  Baneling Nest  
  26  2:41  Metabolic Boost  
  26  2:46  Drone  
  27  3:00  Drone  
  28  3:13  Hatchery  
  23  3:20  Zergling x8  
  27  3:32  Zergling x2  
  27  3:37  Drone  
  28  3:42  Baneling  
  28  3:43  Baneling  
  28  3:45  Zergling x2  
  29  3:57  Drone  
  30  4:06  Overlord  
  30  4:07  Overlord  
  30  4:14  Baneling  
  26  4:44  Zergling x6  
  26  4:45  Zergling x4  
  29  4:57  Zergling x4  
  30  5:07  Zergling x2  
  30  5:08  Zergling x4  
  33  5:22  Baneling x2  
  33  5:26  Hatchery  
  28  5:41  Zergling x2  
  28  5:42  Zergling x4  
  27  6:01  Baneling x4  
  27  6:03  Zergling x6  
  30  6:08  Zergling x2  
  30  6:09  Baneling x4  
  30  6:10  Baneling x5  
  28  6:19  Zergling x2  
  28  6:42  Drone x3  
  28  6:44  Roach Warren  
  29  6:56  Hatchery  
  29  6:58  Drone  
  29  6:59  Drone x3  
  29  7:01  Extractor  
  31  7:16  Zergling x2  
  32  7:30  Baneling x2  
  32  7:49  Baneling x2  
  31  7:52  Zergling x2  
  31  7:53  Roach x5  
  37  8:09  Baneling x2  
  36  8:15  Zergling x2  
  36  8:16  Zergling x4  
  38  8:25  Zergling x2  
  36  8:36  Baneling x5  
  36  8:37  Baneling  
  36  8:38  Roach  
  36  8:39  Roach  
  36  8:41  Hatchery  
  39  8:43  Lair  
  39  8:48  Baneling x2  
  39  8:55  Roach  
  41  9:24  Roach x2  
  41  9:26  Overlord  
  45  9:45  Hydralisk Den  
  44  10:08  Drone  
  44  10:09  Drone x7  
  52  10:24  Hydralisk x2, Lurker Den  
  55  10:31  Extractor  
  55  10:33  Drone x3  
  57  10:36  Drone  
  58  10:47  Hydralisk  
  58  10:49  Overlord  
  60  11:02  Overlord  
  60  11:16  Hydralisk x5  
  63  11:50  Lurker x2  
  63  11:51  Lurker x2  
Show
View Real Time Build Order
Export as new Build Order

Seto Zerg - Winner!

Build Orders: Pool First 

Get SALT Encoding   

  12  0:01  Drone  
  13  0:22  Spawning Pool  
  12  0:30  Overlord  
  12  0:36  Drone  
  12  0:40  Drone  
  14  1:09  Zergling x6  
  17  1:12  Queen  
  19  1:26  Zergling x2  
  20  1:34  Hatchery  
  20  1:38  Zergling x2  
  20  1:43  Drone  
  21  1:52  Extractor  
  21  1:53  Drone  
  21  2:04  Overlord  
  21  2:34  Drone  
  21  2:35  Drone x3  
  25  2:46  Queen  
  25  2:47  Overlord  
  27  2:53  Metabolic Boost  
  27  3:00  Drone  
  27  3:03  Zergling x6  
  31  3:14  Baneling Nest  
  27  3:20  Zergling x2  
  27  3:21  Zergling x4  
  30  3:29  Drone  
  30  3:32  Drone  
  30  3:33  Drone  
  33  3:36  Drone  
  34  3:41  Drone  
  34  3:42  Drone  
  36  3:51  Overlord  
  36  3:56  Overlord  
  36  4:08  Baneling x3  
  36  4:09  Baneling x3  
  36  4:15  Drone x4  
  38  4:43  Zergling x2  
  38  4:44  Zergling x20  
  46  5:09  Zergling x6  
  46  5:10  Zergling x2  
  46  5:13  Baneling x3  
  46  5:14  Baneling x4  
  49  5:18  Zergling x4  
  51  5:26  Evolution Chamber  
  50  5:28  Extractor  
  50  5:29  Drone x2  
  50  5:32  Hatchery  
  50  5:39  Zergling x2  
  50  5:40  Zergling x12  
  55  5:45  Drone  
  56  5:53  Overlord x2  
  55  6:04  Overlord x2  
  55  6:10  Baneling x7  
  55  6:11  Baneling  
  50  6:22  Zergling x2  
  50  6:23  Zergling x8  
  55  6:38  Zerg Melee Weapons Level 1  
  54  6:41  Zergling x12  
  60  6:51  Lair  
  58  6:57  Baneling  
  58  6:58  Baneling  
  58  7:02  Baneling  
  58  7:07  Drone x3, Extractor  
  60  7:10  Drone x2  
  62  7:21  Baneling  
  62  7:22  Baneling x3  
  62  7:27  Drone x7  
  65  8:15  Zergling x22  
  65  8:16  Zergling x14  
  72  8:27  Drone  
  72  8:28  Drone x2  
  75  8:39  Overlord  
  75  8:40  Extractor  
  75  8:41  Drone x2  
  76  8:56  Roach Warren  
  76  8:57  Overlord x3  
  76  9:01  Drone  
  76  9:02  Drone x4  
  80  9:07  Evolution Chamber  
  79  9:14  Spine Crawler  
  78  9:19  Drone x2  
  78  9:22  Zerg Missile Weapons Level 1  
  80  9:26  Queen  
  81  9:38  Baneling  
  81  9:41  Drone x3, Extractor  
  83  9:48  Roach x2  
  83  9:49  Roach x9  
  83  9:52  Glial Reconstitution  
  105  9:56  Overlord x2  
  105  9:57  Overlord  
  105  10:01  Zerg Ground Armor Level 1  
  105  10:05  Roach x2  
  109  10:10  Drone  
  109  10:11  Drone x3  
  109  10:12  Drone  
  115  10:14  Drone  
  115  10:19  Hydralisk Den  
  114  10:23  Extractor  
  114  10:24  Drone x3  
  114  10:26  Overlord  
  116  10:30  Drone x2  
  116  10:31  Roach  
  116  10:33  Roach  
  122  10:47  Roach x7  
  136  11:05  Baneling x12  
  136  11:06  Baneling  
  134  11:12  Hatchery  
  131  11:20  Overlord x2  
  131  11:21  Overlord x2  
  131  11:28  Lurker Den  
Tags
 
Composition
Lurkers
Matchup
ZvZ
Race
Zerg
Spawn Locations
Cross Positions
Add a new tag
Caveats
  • Supply blocks, unpowered buildings, or Contaminate may cause inaccurate times.
  • Supply counts are checked every 10 seconds.